 Dungeon Sprint DCSS version 0.24-a0-549-g45f0056 (webtiles) character file.

Game seed: 14533158260372337519

1236 silentkaos13 the Blocker (level 8, -5/73 HPs)
             Began as a Formicid Fighter on Aug 20, 2019.
             Was a Follower of Qazlal.
             Slain by Sonja
             ... wielding a +1 dagger of distortion
              (18 damage)
             ... in the Dungeon (Sprint I: "Red Sonja").
             The game lasted 00:01:51 (897 turns).

silentkaos13 the Blocker (Formicid Fighter)          Turns: 897, Time: 00:01:52

Health: -5/73      AC:  8    Str: 24    XL:     8   Next: 78%
Magic:  8/8        EV: 11    Int:  7    God:    Qazlal [*.....]
Gold:   405        SH: 14    Dex: 10    Spells: 7/7 levels left

rFire    . . .     SeeInvis +   a - +0 trident
rCold    . . .     Gourm    .   c - +0 shield
rNeg     . . .     Faith    .   b - +0 scale mail
rPois    .         Spirit   .   (helmet unavailable)
rElec    .         Reflect  .   (no cloak)
rCorr    .         Harm     .   (no gloves)
MR       .....                  (no boots)
Stlth    ..........             (no amulet)
HPRegen  0.22/turn              (no ring)
MPRegen  0.11/turn              (no ring)

@: lethally poisoned (-5 -> -13)
A: permanent stasis, dig shafts and tunnels, four strong arms, antennae 3
a: Dig, Renounce Religion


You were in the Dungeon.
You worshipped Qazlal.
Qazlal was aware of your devotion.
You were not hungry.

You visited 1 branch You collected 405 gold pieces.

Inventory:

Hand Weapons
 a - a +0 trident (weapon)
Armour
 b - a +0 scale mail (worn)
 c - a +0 shield (worn)
Scrolls
 k - a scroll of blinking
 l - a scroll of identify {unknown}
Potions
 d - a potion of might
 e - a potion of curing
 g - a potion of heal wounds
 h - a potion of haste
 i - 2 potions of magic
 j - a potion of berserk rage
Comestibles
 f - a ration


   Skills:
 + Level 10.5 Fighting
 + Level 9.7 Polearms
 + Level 10.0 Armour
 + Level 3.4 Dodging
 + Level 1.0 Stealth
 + Level 10.6 Shields


You had 7 spell levels left.
You didn't know any spells.
Your spell library was empty.

Dungeon Overview and Level Annotations

Branches:
Dungeon (1/1)

Altars:
Cheibriados
Dithmenos
Elyvilon
Fedhas
Gozag
Hepliaklqana
Kikubaaqudgha
Makhleb
Nemelex Xobeh
Okawaru
Qazlal
Ru
Sif Muna
Trog
Uskayaw
Vehumet
Wu Jian
Xom
Yredelemnul
Zin
The Shining One
Jiyva
Lugonu

Shops:
D }

Annotations:
D Sonja


Innate Abilities, Weirdness & Mutations

You cannot be hasted, slowed, berserked, paralysed or teleported.
You can dig through walls and to a lower floor.
Your four strong arms can wield two-handed weapons with a shield.
You have a pair of large antennae on your head. (SInv)


Message History

You see here a curare-tipped dart.
You feel sick.
Sonja throws a curare-tipped dart.
The curare-tipped dart hits you.
You are more poisoned.
You have difficulty breathing.
* * * LOW HITPOINT WARNING * * *
Your stasis prevents you from being slowed.
You see here a curare-tipped dart.
Attack whom?
Press: ? - help, Dir - move target cursor, f - Sonja
Aim: Sonja, wielding a +1 dagger of distortion You reach to attack!
You miss Sonja.
Sonja throws a curare-tipped dart.
You block the curare-tipped dart.
Attack whom?
Press: ? - help, Dir - move target cursor, f/p - Sonja
Aim: Sonja, wielding a +1 dagger of distortion You reach to attack!
You barely miss Sonja.
You feel sick. You block Sonja's attack. Sonja hits you but does no damage.
Space warps horribly around you!!
You die...

#..').#..').#..'^.'..#.§.#
#..#####'#####'#__####...+{{
#..####..#...#(#### ####{{
#..#__####..##.# {
#..#_____##'#_.+ {
#⌠⌠#_.∩...÷..._# {
####_..__##_(#'#
#_____###K#)# #########@###


+$($+ { #$.$# { ##.## { #+# {{ { { { { {{{ {{{ You could see Sonja.

Vanquished Creatures
  2 kobold demonologists (D)
  A slime creature (D)
  Sigmund (D)
  A yak (D)
  A floating eye (D)
  An ogre (D)
  A jelly (D)
  Ijyb (D)
9 creatures vanquished.

Notes
Turn   | Place    | Note
-------+----------+-------------------------------------------
     0 | D        | silentkaos13 the Formicid Fighter began the quest for the
                  | Orb.
     0 | D        | Reached XP level 1. HP: 18/18 MP: 1/1
     1 | D        | Noticed Ijyb
    25 | D        | Killed Ijyb
    25 | D        | Reached skill level 5 in Shields
    25 | D        | Reached XP level 2. HP: 17/26 MP: 2/2
    25 | D        | Reached XP level 3. HP: 20/31 MP: 3/3
   131 | D        | Noticed an ogre
   137 | D        | Killed an ogre
   137 | D        | Reached XP level 4. HP: 11/40 MP: 4/4
   137 | D        | Reached XP level 5. HP: 12/46 MP: 5/5
   368 | D        | Noticed Sigmund
   397 | D        | Killed Sigmund
   397 | D        | Reached skill level 5 in Polearms
   397 | D        | Reached skill level 1 in Dodging
   397 | D        | Reached XP level 6. HP: 24/56 MP: 6/6
   581 | D        | Found an ornate altar of the Wu Jian Council.
   581 | D        | Found a shimmering blue altar of Sif Muna.
   583 | D        | Found a radiant altar of Vehumet.
   611 | D        | Found Jumu's Gadget Emporium.
   611 | D        | Found an ancient bone altar of Kikubaaqudgha.
   611 | D        | Found a hazy altar of Hepliaklqana.
   611 | D        | Found a stormy altar of Qazlal.
   611 | D        | Found a hide-covered altar of Uskayaw.
   611 | D        | Found a blossoming altar of Fedhas.
   611 | D        | Found a bloodstained altar of Trog.
   611 | D        | Found an iron altar of Okawaru.
   611 | D        | Found a basalt altar of Yredelemnul.
   611 | D        | Found a glowing golden altar of the Shining One.
   611 | D        | Found a snail-covered altar of Cheibriados.
   611 | D        | Found a sacrificial altar of Ru.
   611 | D        | Found a glowing silver altar of Zin.
   611 | D        | Found a shadowy altar of Dithmenos.
   611 | D        | Found a white marble altar of Elyvilon.
   611 | D        | Noticed a yak
   623 | D        | Killed a yak
   623 | D        | Reached XP level 7. HP: 36/63 MP: 7/7
   624 | D        | Found an opulent altar of Gozag.
   625 | D        | Found a sparkling altar of Nemelex Xobeh.
   778 | D        | Became a worshipper of Qazlal Stormbringer
   789 | D        | Found a burning altar of Makhleb.
   789 | D        | Found a viscous altar of Jiyva.
   789 | D        | Found a shimmering altar of Xom.
   789 | D        | Found a corrupted altar of Lugonu.
   789 | D        | Noticed a slime creature
   799 | D        | Killed a slime creature
   813 | D        | Noticed a kobold demonologist
   813 | D        | Noticed a kobold demonologist
   817 | D        | Reached XP level 8. HP: 72/72 MP: 8/8
   818 | D        | Noticed an ice devil
   825 | D        | Noticed a smoke demon
   825 | D        | Noticed an orange demon
   826 | D        | Killed a kobold demonologist
   826 | D        | Reached * piety under Qazlal
   826 | D        | Reached skill level 10 in Fighting
   826 | D        | Reached skill level 10 in Shields
   837 | D        | Killed a kobold demonologist
   837 | D        | Reached skill level 10 in Armour
   837 | D        | Reached skill level 1 in Stealth
   886 | D        | Noticed Sonja
   897 | D        | Slain by Sonja

Levels and vault maps discovered:
D:        dungeon_sprint_1 [red_sonja_temple_1, red_sonja_temple_small_1]

Skill      XL: |  1  2  3  4  5  6  7  8 |
---------------+-------------------------+-----
Fighting       | 4 6 7 8 9 10 | 10.5
Armour         | 4 6 7 8 9 10 | 10.0
Shields        | 5 6 8 9 10 | 10.6
Polearms       | 4 5 7 8 9 |  9.7
Dodging        | 1 2 3 |  3.4
Stealth        | 1 |  1.0

Action                   |  1- 3 |  4- 6 |  7- 9 || total
-------------------------+-------+-------+-------++-------
Melee: Trident           |    29 |    37 |    41 ||   107
Armor: Scale mail        |     4 |     3 |    14 ||    21
Dodge: Dodged            |     6 |     8 |    12 ||    26
Block: Shield            |     7 |    13 |    21 ||    41

Table legend:
 A = Non-vault XP
 B = Vault XP
 C = Vault XP percentage of total XP
 D = Non-vault monster count
 E = Vault monster count
 F = Vault count percentage of total count
                 A         B        C        D         E       F
            +---------+---------+-------+---------+---------+-------
      Total |       0 |    1767 | 100.0 |       0 |       9 | 100.0
            +---------+---------+-------+---------+---------+-------
          D |       0 |    1767 | 100.0 |       0 |       9 | 100.0
            +---------+---------+-------+---------+---------+-------
